 Dungeon Crawl Stone Soup version 0.24-a0-365-ga4d96b6e6e (webtiles) character file.

Game seed: 11635754976009770576

1503 Azzok the Changer (level 8, -2/64 HPs)
             Began as a Naga Transmuter on May 27, 2019.
             Hit by a boomerang thrown by an orc warrior (5 damage)
             ... on level 6 of the Dungeon.
             The game lasted 00:12:04 (6834 turns).

Azzok the Changer (Naga Transmuter)                 Turns: 6834, Time: 00:12:05

Health: -2/64      AC:  9    Str: 13    XL:     8   Next: 82%
Magic:  0/12       EV: 11    Int: 15    God:
Gold:   294        SH:  0    Dex: 12    Spells: 5/13 levels left

rFire    . . .     SeeInvis +   e - +2 spear (venom)
rCold    . . .     Gourm    .   (no shield)
rNeg     . . .     Faith    .   p - +2 robe {MR+}
rPois    +         Spirit   +   f - +0 helmet
rElec    .         Reflect  .   j - +2 cloak
rCorr    .         Harm     .   (no gloves)
MR       ++...                  (no barding)
Stlth    +.........             b - amulet of guardian spirit
HPRegen  0.20/turn              i - ring of wizardry
MPRegen  0.13/turn              (no ring)

@: short of breath, very slow
A: large, see invisible, deformed body, poison resistance, slowness 2, slow
metabolism 1, spit poison 1, AC +2
a: Spit Poison


You were on level 6 of the Dungeon.
You were not hungry.

You visited 1 branch of the dungeon, and saw 6 of its levels.

You collected 294 gold pieces.

Inventory:

Hand Weapons
 e - a +2 spear of venom (weapon)
Missiles
 a - 132 arrows
Armour
 f - a +0 helmet (worn)
 h - the cursed +1 robe "Lumats" {+Blink rCorr Dex+2, unknown}
   (You found it on level 5 of the Dungeon)

   It affects your dexterity (+2).
   It lets you blink.
   It provides partial protection from all sources of acid and corrosion.
   It has a curse placed upon it.
 j - a +2 cloak (worn)
 p - a +2 robe of magic resistance (worn)
Jewellery
 b - an amulet of guardian spirit (around neck)
 i - a ring of wizardry (left hand)
 x - an uncursed amulet of harm {unknown}
Scrolls
 g - 3 scrolls of teleportation
 k - a scroll of enchant weapon {unknown}
Potions
 c - a potion of ambrosia {unknown}
 n - a potion of flight {unknown}
 r - 2 potions of brilliance {unknown}
 t - a potion of curing {unknown}
 u - 2 potions of heal wounds {unknown}
 w - 3 potions of might {unknown}
Comestibles
 d - 11 rations
 l - 2 chunks of flesh


   Skills:
 - Level 1.0 Fighting
 - Level 3.6 Dodging
 - Level 6.5 Unarmed Combat
 + Level 3.0 Spellcasting
 + Level 6.7 Transmutations
 - Level 3.7 Ice Magic


You had 5 spell levels left.
You knew the following spells:

 Your Spells              Type           Power        Failure   Level  Hunger
a - Beastly Appendage     Tmut           ###...       1%          1    #......
b - Spider Form           Tmut/Pois      ##........   6%          3    ###....
c - Ice Form              Ice/Tmut       ###.....     10%         4    #####..

Your spell library contained the following spells:

 Spells                   Type           Power        Failure   Level  Hunger
 Sticks to Snakes         Tmut           ###.....     1%          2    ##.....
 Blade Hands              Tmut           ###.......   14%         5    ######.


Dungeon Overview and Level Annotations

Branches:
Dungeon (6/15)
 Temple: D:4-7

Altars:
Dithmenos
Kikubaaqudgha
Okawaru
Wu Jian


Innate Abilities, Weirdness & Mutations

You cannot wear boots.
Your serpentine skin is tough. (AC +2)
You have supernaturally acute eyesight. (SInv)
Armour fits poorly on your strangely shaped body.
Your system is resistant to poisons. (rPois)
You cover ground very slowly.
You have a slow metabolism.
You can spit poison.


Message History

The weapon returns to the orc warrior!
The orc priest looks encouraged for a moment.
You have got your breath back.
The orc priest calls upon Beogh to heal the orc warrior.
The orc warrior is healed somewhat.
The orc warrior throws a boomerang.
The boomerang hits you.
* * * LOW HITPOINT WARNING * * *
The weapon returns to the orc warrior!
The orc warrior throws a boomerang.
The boomerang closely misses you.
The weapon returns to the orc warrior!
Press: ? - help, Shift-Dir - straight line, f - orc, p - orc warrior
Aim: an orc, wielding a +0 short sword and wearing a +0 chain mail The splash of poison hits the orc warrior!
The orc warrior looks even sicker.
The orc warrior is almost dead.
You feel slightly more hungry.
The orc warrior throws a boomerang.
The boomerang hits you!
* * * LOW MAGIC WARNING * * *;
* * * LOW HITPOINT WARNING * * *
The weapon returns to the orc warrior!
The orc warrior throws a boomerang.
The boomerang hits you.
You die...

▒···▒·▒ ▒········▒ ▒···▒·▒
▒·······▒▒▒▒
▒···▒·▒▒▒··········)
▒···▒···▒·······▒▒▒▒
▒···▒···╬···········
▒···▒···▒········▒▒▒
▒···▒···▒··········
·▒▒▒▒▒▒▒▒▒▒▒···▒···▒····)··▒▒▒▒
········o·oo···@··············
▒▒▒▒▒▒·▒▒▒▒▒▒▒▒···▒▒▒▒▒·▒▒▒·▒
▒········▒···▒ ▒·▒ ·▒
▒··▒▒▒▒▒·▒···▒ ▒·▒
▒······▒·▒···▒▒▒▒▒·▒
··o···········)·····▒
··[···▒·····▒▒▒▒▒▒▒▒··▒▒▒·▒·▒
··e···o·╬·▒·▒·· ▒·········
··e·····▒·▒·▒ · ▒▒·▒▒▒·▒·


You could see an orc warrior, an orc priest and an orc.

Vanquished Creatures
  Sigmund (D:2)
  Edmund (D:4)
  Duvessa (D:6)
  An orc warrior (D:6)
  An ice beast (D:5)
  2 ogres
  Dowan (D:6)
  A scorpion (D:4)
  A quasit (D:5)
  An orc priest (D:3)
  5 hounds
  Crazy Yiuf (D:2)
  3 orc wizards
  3 worker ants
  A hound zombie (D:5)
  7 gnolls
  9 adders
  3 oozes
  An adder skeleton (D:6)
  3 worms
  3 dart slugs
  7 leopard geckos
  14 orcs
  2 giant cockroaches (D:1)
  13 goblins
  11 hobgoblins
  8 jackals
  A quokka (D:2)
  2 ball pythons
  5 bats
  5 frilled lizards
  2 jackal skeletons (D:5)
  A jackal zombie (D:5)
  3 kobolds
  5 rats
129 creatures vanquished.

Notes
Turn   | Place    | Note
-------+----------+-------------------------------------------
     0 | D:1      | Azzok the Naga Transmuter began the quest for the Orb.
     0 | D:1      | Reached XP level 1. HP: 18/18 MP: 3/3
   235 | D:1      | Reached XP level 2. HP: 22/25 MP: 5/5
   917 | D:1      | Reached XP level 3. HP: 18/31 MP: 6/6
  1501 | D:1      | Learned a level 3 spell: Spider Form
  1728 | D:2      | Found an iron altar of Okawaru.
  1728 | D:2      | Found a shadowy altar of Dithmenos.
  1729 | D:2      | Found an ancient bone altar of Kikubaaqudgha.
  2010 | D:2      | Found a runed translucent door.
  2011 | D:2      | Noticed Crazy Yiuf
  2020 | D:2      | Killed Crazy Yiuf
  2020 | D:2      | Reached XP level 4. HP: 14/38 MP: 7/7
  2343 | D:2      | Noticed Sigmund
  2348 | D:2      | Killed Sigmund
  2348 | D:2      | Reached skill level 5 in Unarmed Combat
  2348 | D:2      | Reached XP level 5. HP: 35/44 MP: 8/8
  2348 | D:2      | Reached XP level 6. HP: 40/51 MP: 9/9
  2879 | D:2      | Learned a level 4 spell: Ice Form
  3025 | D:3      | Reached skill level 1 in Ice Magic
  4134 | D:3      | Found an ornate altar of the Wu Jian Council.
  4199 | D:3      | Reached skill level 5 in Transmutations
  4199 | D:3      | Reached XP level 7. HP: 57/57 MP: 10/10
  4922 | D:5      | Entered Level 5 of the Dungeon
  5017 | D:5      | Noticed Edmund
  5062 | D:4      | Killed Edmund
  5195 | D:5      | Reached XP level 8. HP: 28/64 MP: 3/11
  5972 | D:5      | Got an ancient robe
  6786 | D:6      | Noticed Duvessa
  6786 | D:6      | Noticed Dowan
  6805 | D:6      | Killed Duvessa
  6809 | D:6      | Killed Dowan
  6832 | D:6      | HP: 2/64 [orc warrior/boomerang (12)]
  6834 | D:6      | Hit by a boomerang thrown by an orc warrior

Levels and vault maps discovered:
D:1:      dpeg_cavernosity, layout_basic
D:2:      layout_loops_ring, chequers_temple_overflow_statue_of_worship,
          uniq_sigmund, uniq_crazy_yiuf_cottage
D:3:      layout_loops_ring, nicolae_overflow_hidden_temple, first_ration
D:4:      layout_rooms
D:5:      layout_cave_pools, uniq_edmund
D:6:      layout_basic, minmay_temple_entry_mist, uniq_duvessa, uniq_eustachio

Skill      XL: |  1  2  3  4  5  6  7  8 |
---------------+-------------------------+-----
Transmutations | 3 4 5 6 |  6.7
Unarmed Combat | 4 5 6 |  6.5
Dodging        | 2 3 |  3.6
Ice Magic      | 1 2 3 |  3.7
Spellcasting   | 3 |  3.0
Fighting       | |  1.0

Action                   |  1- 3 |  4- 6 |  7- 9 || total
-------------------------+-------+-------+-------++-------
Melee: Spear             |    84 |   119 |   133 ||   336
       Punch             |     2 |     3 |     2 ||     7
       Unarmed           |       |    15 |    76 ||    91
 Cast: Spider Form       |       |     1 |     5 ||     6
       Ice Form          |       |       |     7 ||     7
 Abil: Spit Poison       |       |     2 |     9 ||    11
       End Transformatio |       |       |     1 ||     1
  Use: Scroll            |       |       |     9 ||     9
 Stab: Sleeping          |       |     1 |       ||     1
  Eat: Chunk             |     2 |     6 |     8 ||    16
       Ration            |       |       |     1 ||     1
Armor: Robe              |    13 |    53 |    60 ||   126
       Skin              |       |       |    16 ||    16
Dodge: Dodged            |    50 |    80 |   143 ||   273

Table legend:
 A = Non-vault XP
 B = Vault XP
 C = Vault XP percentage of total XP
 D = Non-vault monster count
 E = Vault monster count
 F = Vault count percentage of total count
                 A         B        C        D         E       F
            +---------+---------+-------+---------+---------+-------
      Total |    1508 |     640 |  29.8 |     120 |       9 |   7.0
            +---------+---------+-------+---------+---------+-------
        D:1 |      46 |      10 |  17.9 |      24 |       4 |  14.3
        D:2 |     122 |     248 |  67.0 |      18 |       2 |  10.0
        D:3 |     216 |       0 |   0.0 |      28 |       0 |   0.0
        D:4 |     407 |     162 |  28.5 |      20 |       1 |   4.8
        D:5 |     463 |       0 |   0.0 |      25 |       0 |   0.0
        D:6 |     254 |     220 |  46.4 |       5 |       2 |  28.6
            +---------+---------+-------+---------+---------+-------
